[Event "21st Bangkok CC Open 2024"]
[Site "Bangkok"]
[Date "2024.04.21"]
[Round "9.2"]
[White "Manon, Reja Neer"]
[Black "Mitrabha, Guha"]
[Result "0-1"]
[ECO "C15"]
[WhiteElo "2285"]
[BlackElo "2537"]
[Annotator "TA"]
[PlyCount "98"]
[EventDate "2024.04.13"]
[EventType "swiss"]
[EventCountry "THA"]
[SourceTitle "playchess.com"]
[Source "ChessBase"]
[SourceQuality "1"]
[TimeControl "40/5400+30:1800+30"]

1. e4 e6 2. d4 d5 3. Nc3 Bb4 4. Nge2 Nc6 5. a3 Ba5 6. b4 Bb6 7. Bb2 {[%emt 0:00:01] C15: French: 3 Nc3 Bb4: Unusual White 4th moves.} Nge7 8. Qd2 O-O 9. Na4 dxe4 10. c4 a6 11. O-O-O Nf5 $146 ({Predecessor:} 11... Bd7 12. Nxb6 cxb6 13. Nc3 b5 14. d5 exd5 15. Nxd5 Nxd5 16. Qxd5 Bg4 17. f3 exf3 18. gxf3 Qxd5 19. cxd5 Bxf3 {0-1 Kaczmarczyk,D (2487)-Wyss,J (2220) SUI-ch op 122nd 2023 (3)}) 12. Nxb6 cxb6 13. Ng3 Nce7 14. Nxe4 Bd7 (14... b5 $11) 15. g4 Nh4 $1 16. Bd3 (16. Qc3 {keeps more tension.} Nd5 17. Qg3 f5 18. Nd2) 16... Neg6 17. Kb1 e5 (17... b5 $11) 18. dxe5 $14 Bxg4 19. f4 Bxd1 20. Rxd1 Qe7 (20... Nf5 $142) 21. Qf2 ({White should play} 21. Nd6 $16) 21... Nf5 $14 22. Nc3 (22. Nf6+ $14 gxf6 23. Bxf5 fxe5 24. fxe5 (24. Qxb6 Nxf4 25. Qh6 Ng6 $15)) 22... Qh4 23. Qg1 (23. Qf3 $11 Nge7 24. Rg1 (24. Qxb7 Qxf4 25. Qe4 Qxe4 $11)) 23... Qh5 (23... Nfe7 $15 24. Qxb6 Rad8 (24... Qxh2 25. Qxb7 Qxf4 26. Qh1 $19) (24... Nxf4 25. Bc2 $15) (24... Qxf4 25. Qxb7 Qxh2 26. Ne2 $17)) 24. Nd5 ({Better is} 24. Qxb6 $11 a5 25. Qf2 axb4 26. axb4) 24... Rad8 25. Ka2 {[%emt 0:00:30] [#]} (25. Nxb6 $2 Nxf4 26. Bc2 Ne2 $19) (25. Bc2 $11) 25... b5 $1 $17 26. e6 fxe6 27. Bxf5 exf5 (27... Rxf5 $2 28. Ne7+ Kf7 29. Rxd8 $18) 28. Qe1 $2 (28. Qd4 $17 Qh6 (28... Qxh2 29. Qxg7#) 29. Qb6) 28... Kh8 $19 (28... Qxh2 29. Qc3 Rf7 (29... Nxf4 30. Qxg7#) 30. Ne7+ Rxe7 (30... Nxe7 31. Rxd8+ Rf8 32. Qxg7#) 31. Rxd8+ Nf8 32. Re8 $17) (28... bxc4 29. Nf6+ gxf6 (29... Rxf6 $2 30. Rxd8+ Nf8 31. Bxf6 $18) 30. Qe6+ Rf7 (30... Kg7 31. Rxd8 Qxh2 32. Rd7+ Kh6 33. Qxc4 $11) 31. Rxd8+ Nf8 32. Qxc4 Qxh2 33. Rd5 $11) 29. Qc3 Rf7 (29... Qxd1 30. Qxg7#) 30. Rd2 Qh4 31. cxb5 axb5 (31... Nxf4 32. Nxf4 Rxd2 33. Qxd2 axb5 34. Qe2 $14) 32. Qe3 Nf8 33. Rg2 $2 (33. Qe5) 33... Qh6 (33... Rxd5 $142 34. Qf3 Qd8) 34. Rxg7 $2 (34. Qe5) 34... Rxg7 $19 35. Qe7 Ra8 (35... Rxd5 36. Qxf8#) 36. Qxb7 Rd8 37. Qe7 Rb8 (37... Rxd5 38. Qxf8#) (37... Rc8 $142 {[%cal Oh6g6] And now ...Qg6! would win.} 38. a4 bxa4) 38. Qc7 $19 {[%emt 0:00:37] [#]} Ra8 $2 (38... Kg8 $1 39. Qxb8 Qe6 (39... Qc6 40. Nf6+ Kf7 41. Qa7+ Kg6 42. Qg1+ Kf7 43. Qa7+ Kg6 44. Qg1+ Kf7 45. Qa7+ $11)) 39. Qb7 $19 Rd8 40. Qe7 $1 Rc8 ({And not} 40... Rxd5 41. Qxf8#) 41. a4 bxa4 42. b5 a3 43. Kxa3 Qg6 44. b6 Ra8+ 45. Kb3 (45. Kb4 $142 Qg2 46. Bxg7+ Qxg7 47. Kb5 (47. Qxg7+ $2 Kxg7 48. Kc5 Ra2 $19)) 45... Qg2 $19 46. Qe5 Nd7 47. Qd4 Rb8 48. Ne3 Rxb6+ 49. Qxb6 Qxb2+ ({Inferior is} 49... Qxh2 50. Qd8+) 0-1

[Event "21st Bangkok CC Open 2024"]
[Site "Bangkok"]
[Date "2024.04.21"]
[Round "9.3"]
[White "Morris, James"]
[Black "Srihari L R"]
[Result "1/2-1/2"]
[ECO "B13"]
[WhiteElo "2432"]
[BlackElo "2482"]
[Annotator "TA"]
[PlyCount "58"]
[EventDate "2024.04.13"]
[EventType "swiss"]
[EventCountry "THA"]
[SourceTitle "playchess.com"]
[Source "ChessBase"]
[SourceQuality "1"]
[TimeControl "40/5400+30:1800+30"]

1. e4 c6 2. d4 d5 3. exd5 cxd5 4. Bd3 Nc6 5. c3 Nf6 6. h3 e5 7. dxe5 Nxe5 8. Qe2 Qe7 9. Bc2 b6 {[%emt 0:03:59][%cal Oc8a6] [#] ...Ba6! is the strong threat.} 10. Na3 Ba6 11. Nb5 (11. Qxa6 $2 Nf3+ 12. Kf1 Qe1#) 11... O-O-O 12. a4 d4 13. cxd4 (13. Bf4 {looks sharper.} d3 14. Qxe5 Qxe5+ 15. Bxe5 dxc2 16. Nf3) 13... Rxd4 14. Nxd4 Bxe2 15. Ngxe2 Nd5 ({Black should try} 15... Qc7 $11 16. O-O Bc5) 16. O-O (16. Bf5+ $14 Nd7 17. Bd2 (17. Bxd7+ Qxd7 18. O-O Kb7 $17)) 16... Qf6 $11 17. Be4 {[%emt 0:14:08] [#]} Bc5 $1 18. Nb5 (18. Bxd5 Rd8) 18... Rd8 {[%emt 0:06:45][%cal Bh8d8,Bd8d5,Bd5d7][%mdl 32] ...a6 would now be deadly.} 19. Nxa7+ Kb8 20. Nb5 Qh4 21. Bxd5 Rxd5 22. Bf4 {[%emt 0:00:04] And now Nbc3 would win. Chess con chili.} f6 23. Nbc3 {[%emt 0:03:09] Excellent horsemanship.} Rd7 24. a5 g5 25. Bg3 Qb4 26. axb6 Bxb6 27. Rfd1 ({Better is} 27. Ra4 $14 Qe7 (27... Qxb2 28. Rb1 $18) 28. Re4) 27... Rxd1+ {[%emt 0:00:48] The position is equal.} (27... Qxb2 $2 {too greedy.} 28. Rdb1 $18) 28. Rxd1 Kb7 (28... Qxb2 $2 {is the wrong capture.} 29. Rb1 Qd2 30. Rxb6+ $18) 29. Nd5 $1 Qb3 {[%emt 0:03:30] Weighted Error Value: White=0.13 (very precise) /Black=0.10 (very precise) .  Mistake:       	White=2     	Black=1      Inaccurate:     	---       	Black=2      OK:         	White=9     	Black=10     Best:        	White=1     	Black=1      Strong:       	White=1     	Black=1} 1/2-1/2

[Event "21st Bangkok CC Open 2024"]
[Site "Bangkok"]
[Date "2024.04.21"]
[Round "9.4"]
[White "Pranesh M"]
[Black "Zhao, Zong-Yuan"]
[Result "1/2-1/2"]
[ECO "B62"]
[WhiteElo "2538"]
[BlackElo "2485"]
[Annotator "TA"]
[PlyCount "90"]
[EventDate "2024.04.13"]
[EventType "swiss"]
[EventCountry "THA"]
[SourceTitle "playchess.com"]
[Source "ChessBase"]
[SourceQuality "1"]
[TimeControl "40/5400+30:1800+30"]

1. e4 c5 2. Nf3 d6 3. d4 cxd4 4. Nxd4 Nf6 5. Nc3 Nc6 6. Bg5 e6 7. Bb5 Bd7 8. Qd3 Qb6 {[%emt 0:00:04] [#] ...Nb4 would now be deadly.} 9. O-O-O Nxd4 10. Qxd4 {[%emt 0:00:00] White is slightly better.} Qxd4 11. Rxd4 a6 12. Bxd7+ Nxd7 13. Rhd1 h5 14. Rc4 b5 15. Rc7 h4 $1 16. Be3 h3 17. g3 Kd8 18. Rc6 Ne5 $1 19. Bb6+ $1 Ke8 20. Rc7 Nf3 21. Rh1 Be7 22. Ne2 Bd8 23. Rc3 (23. Rb7 $11) 23... Bxb6 $15 24. Rxf3 Rc8 25. Nf4 Ke7 26. Re1 g5 27. Nd3 {[%emt 0:00:00][%cal Bf4d3,Bd3e1,Be1f3,Bf3d2,Bd2b3][%mdl 32] White is weak on the dark squares} a5 $36 {[%emt 0:00:22][%mdl 2048] White is under pressure.} 28. Re2 b4 29. Ne1 Rc4 30. Rd3 f6 31. Nf3 g4 32. Nd2 Rd4 33. Kd1 (33. Rb3 $11 {keeps the balance.}) 33... Rc8 (33... Rxd3 $17 34. cxd3 a4) 34. f3 $11 Rxd3 35. cxd3 {[%emt 0:00:00][%mdl 4096] Endgame. KRB-KRN} Bd4 36. fxg4 Bxb2 37. Nb3 {[%emt 0:00:00][%csl LRa5,LRb2] Prevents Rc1+} Ba3 {[%emt 0:00:43] The position is equal.} (37... Be5 $5 38. Nxa5 Rc3 $19) 38. Nxa5 Rc1+ 39. Kd2 Rg1 40. Nb3 {[%emt 0:00:00] Repels Bc1+} Bb2 41. Ke3 Bc3 42. Rf2 e5 43. Ke2 Ke6 44. Rf1 Rg2+ 45. Rf2 {[%emt 0:00:00] [#] And now Rxg2 would win.} Rg1 {[%emt 0:03:06] Weighted Error Value: White=0.10 (very precise) /Black=0.10 (very precise) .  Mistake:       	White=2     	Black=1      Inaccurate:     	White=3     	Black=5      OK:         	White=16    	Black=16     Best:        	White=2     	Black=4      Strong:       	White=1     	Black=2} 1/2-1/2

[Event "21st Bangkok CC Open 2024"]
[Site "Bangkok"]
[Date "2024.04.21"]
[Round "9.5"]
[White "Peng, Xiongjian"]
[Black "Bersamina, Paulo"]
[Result "1/2-1/2"]
[ECO "A21"]
[WhiteElo "2521"]
[BlackElo "2424"]
[Annotator "TA"]
[PlyCount "105"]
[EventDate "2024.04.13"]
[EventType "swiss"]
[EventCountry "THA"]
[SourceTitle "playchess.com"]
[Source "ChessBase"]
[SourceQuality "1"]
[TimeControl "40/5400+30:1800+30"]

1. c4 e5 2. g3 d6 3. Nc3 Be7 4. Nf3 f5 5. Bh3 c5 6. Nd5 $146 {[%emt 0:12:10] A21: English Opening: 1...e5 2 Nc3.} ({Predecessor:} 6. d3 Nc6 7. Nd5 Nf6 8. Nxe7 Qxe7 9. Nh4 f4 10. Bxc8 Rxc8 11. gxf4 O-O 12. Ng2 {½-½ Boruchovsky,A (2551)-Caruana,F (2783) Olympiad-44 Chennai 2022 (5.1)}) 6... Nf6 7. Nxe7 Qxe7 8. Nh4 O-O 9. Bxf5 Bxf5 10. Nxf5 Qe6 11. Ne3 Qh3 12. d3 Nc6 13. Bd2 Nd4 14. Bc3 a6 15. b3 b5 16. f3 Rae8 17. Qd2 b4 18. Bb2 a5 19. O-O-O Qd7 (19... a4 $5 20. Bxd4 exd4 $17) 20. Nc2 a4 21. Bxd4 exd4 22. Kb2 (22. Rhe1 $1 $11) 22... Qb7 23. Rhe1 Nd7 (23... d5 $1 $15) 24. f4 $11 d5 25. e3 dxe3 (25... axb3 $6 26. axb3 dxe3 27. Rxe3 $16) 26. Rxe3 d4 27. Rxe8 Rxe8 (27... a3+ 28. Kc1 Rxe8 29. Re1 Rxe1+ 30. Nxe1 $11 (30. Qxe1 Nf6 $11)) 28. Re1 (28. bxa4 Nb6 29. Re1 Nxa4+ 30. Kb3 Rf8 31. Kxa4 b3 $17) 28... Rxe1 29. Qxe1 (29. Nxe1 $14 {deserves consideration.} a3+ 30. Kc2) 29... a3+ $11 30. Kc1 Nf6 31. Qe6+ ({Better is} 31. Qf1 $14) 31... Kf8 $11 32. Ne1 (32. Qd6+ Qe7 33. Qc6 h6 $17) 32... Qh1 33. h3 Qg1 34. g4 Qf2 35. Qc8+ Kf7 36. Qb7+ Kf8 37. Qc8+ Kf7 38. Qc7+ Kg8 39. Qb8+ Kf7 40. Qa7+ Ke8 41. Qb8+ Kf7 42. Qb7+ Kf8 43. Nf3 Qb2+ (43... Qxa2 44. Qc8+ Ne8 45. Qxc5+ Kg8 46. Qxd4 $16 (46. Qd5+ Kh8 $14)) 44. Kd1 Qb1+ 45. Ke2 Qxa2+ 46. Nd2 Qb2 47. Qc8+ Kf7 48. Qc7+ Kg8 (48... Kg6 49. f5+ Kg5 50. Qxg7+ Kf4 51. Qxf6 Kg3 52. Qe5+ Kg2 53. Qe4+ (53. Qxc5 a2 $11) 53... Kg1 54. Qf4 (54. f6 a2 $18)) 49. Qc8+ (49. g5 $5 a2 $8 50. Qd8+ (50. gxf6 gxf6 51. Qc8+ Kg7 $11) 50... Kf7 51. gxf6 gxf6 (51... a1=B 52. Qe7+ Kg6 53. fxg7) 52. Qd7+ Kf8 53. Qe6 $11) 49... Kf7 50. Qc7+ Kg8 (50... Kg6 51. f5+ Kg5 52. Qxg7+ Kh4 53. Qxf6+ Kg3 54. Qe5+ Kg2 55. Qe4+ (55. Qxc5 a2 $11) 55... Kg1 56. Qf4 (56. f6 a2 $18)) 51. g5 a2 $1 52. gxf6 gxf6 53. Qc8+ 1/2-1/2

[Event "21st Bangkok CC Open 2024"]
[Site "Bangkok"]
[Date "2024.04.21"]
[Round "9.6"]
[White "Urazayev, Arystanbek"]
[Black "Lalit Babu M R"]
[Result "1/2-1/2"]
[ECO "B13"]
[WhiteElo "2471"]
[BlackElo "2508"]
[Annotator "TA"]
[PlyCount "96"]
[EventDate "2024.04.13"]
[EventType "swiss"]
[EventCountry "THA"]
[SourceTitle "playchess.com"]
[Source "ChessBase"]
[SourceQuality "1"]
[TimeControl "40/5400+30:1800+30"]

1. e4 c6 2. Nf3 d5 3. exd5 cxd5 4. d4 Nc6 5. Bb5 Nf6 6. O-O {[%emt 0:00:25] B13: Caro-Kann: Exchange Variation and Panov-Botvinnik Attack.} e6 7. Re1 Be7 8. c3 Bd7 9. Bd3 Qc7 10. Nbd2 O-O 11. Ne5 Be8 $146 ({Predecessor:} 11... Rac8 12. Ndf3 Nxe5 13. Nxe5 Bc6 14. Bg5 h6 15. Bh4 Rfe8 16. Re3 {1-0 Wiener,R (1800)-Peroutik,J (1875) CZE-ch qual Sec56 email 2008}) 12. f4 (12. Ndf3 $16) 12... Bd6 13. Re3 (13. Qf3 $16) 13... Ne7 14. Rh3 h6 15. Qe2 Nd7 16. Nf1 (16. Ndf3 $16) 16... f5 17. Be3 (17. g4 $14) 17... Nf6 $11 18. Rc1 Ne4 19. Nd2 a6 20. c4 Qa5 21. a3 Bc6 22. Nxc6 Nxc6 23. Bxe4 (23. Nf3 $14) 23... dxe4 24. c5 Be7 (24... Bc7 $15) 25. Nc4 (25. Qc4 $1 $14) 25... Qc7 26. Nb6 (26. g4 $11 {keeps the balance.}) 26... Rae8 (26... Rad8 $17 27. Qc4 Kh7) 27. Qc4 Bd8 28. d5 exd5 29. Nxd5 Qf7 30. Bf2 (30. b4 $15) 30... Ne7 (30... Na5 $17 31. Qa2 Bc7) 31. Nxe7+ $11 Rxe7 32. Rb3 Qxc4 33. Rxc4 Rd7 34. Rd4 Rff7 35. Kf1 Rxd4 36. Bxd4 Rd7 37. Be3 Kf7 38. Rc3 Bf6 39. Rb3 Ke6 40. Ke2 Kd5 41. Rb4 Be7 42. g4 fxg4 ({Of course not} 42... Bxc5 $6 43. Bxc5 Kxc5 44. gxf5 $14) 43. Rd4+ Kc6 44. Rxe4 Bf6 45. Rb4 Bd8 46. Re4 Bf6 47. Rb4 $1 Bd8 48. Re4 $1 Bf6 ({Black should play} 48... Re7 $15 49. Kd3 h5) 1/2-1/2

[Event "21st Bangkok CC Open 2024"]
[Site "Bangkok"]
[Date "2024.04.21"]
[Round "9.7"]
[White "Das, Sayantan"]
[Black "Harsh Suresh"]
[Result "1-0"]
[ECO "C77"]
[WhiteElo "2507"]
[BlackElo "2413"]
[Annotator "TA"]
[PlyCount "110"]
[EventDate "2024.04.13"]
[EventType "swiss"]
[EventCountry "THA"]
[SourceTitle "playchess.com"]
[Source "ChessBase"]
[SourceQuality "1"]
[TimeControl "40/5400+30:1800+30"]

1. e4 e5 2. Nf3 Nc6 3. Bb5 a6 4. Ba4 Nf6 5. O-O b5 6. Bb3 Bc5 7. Nc3 d6 8. Nd5 $1 h6 9. c3 Nxd5 (9... O-O $11) 10. Bxd5 $16 Bd7 11. d4 Bb6 12. Be3 (12. a4 $16) 12... O-O 13. Qd2 Qf6 14. a4 bxa4 15. dxe5 (15. Rxa4 Nxd4 16. cxd4 (16. Bxd4 exd4 17. Rc4 Bb5 $17) 16... Bxa4 $17) 15... dxe5 16. Rxa4 Nd4 17. cxd4 $14 Bxa4 18. dxe5 Qd8 (18... Qg6 $14) 19. Bxb6 $2 (19. Bxh6 $1 $18 {[%cal Od2f4] Strongly threatening Qf4!} c6 20. Bg5) 19... cxb6 $16 20. Nd4 {[%emt 0:01:26][%cal Oe5e6] e6! would now be deadly.} Rc8 21. e6 {[%emt 0:04:14] Prevents Bd7. Black must now prevent Qb4.} Be8 22. Qf4 {[%emt 0:01:11] White has more active pieces.} (22. Qe3 $142) 22... fxe6 {[%emt 0:07:03] [#]} 23. Qxf8+ Kxf8 24. Nxe6+ (24. Bxe6 $2 Rc5 25. Nf3 Qf6 $19) 24... Ke7 25. Nxd8 Kxd8 $14 {[%emt 0:00:02][%mdl 4096] Endgame. KRB-KRB} 26. f4 Rc2 $1 27. Rf2 Rc1+ 28. Rf1 Rc2 29. b3 Ke7 30. g3 a5 31. Rf2 Rc3 32. Kg2 Bd7 33. Rb2 Kd6 34. Kf2 Be6 35. Bxe6 Kxe6 $11 {[%emt 0:00:02] KR-KR} 36. Ke2 Kf6 (36... g5 $11) 37. Kd2 $16 Rf3 {[%emt 0:00:03] [#]} 38. Ke2 (38. b4 $1 $16) 38... Rc3 $11 39. b4 a4 40. b5 a3 41. Rb4 a2 42. Ra4 Rc4 $2 43. e5+ $18 (43. Rxc4 $2 a1=Q (43... a1=B $2 {perishes.} 44. Rc6+ Ke7 45. Rxb6 $18) 44. Rc6+ Kf7 45. Rxb6 Qb2+ 46. Kd3 Qxh2 (46... Qb1+ $2 47. Kc3 $19) 47. Rb7+ Kg6 48. f5+ Kh7 $19) (43. Rxa2 Rxe4+ 44. Kd3 Rb4 $11) 43... Kf5 44. Rxa2 (44. Rxc4 $2 {is the wrong capture.} a1=Q (44... a1=B $2 {too greedy.} 45. Kf3 $18) 45. Rc7 Qa2+ 46. Kf1 g5 (46... Qxh2 $2 47. Rxg7 Ke4 48. Ra7 $19) 47. fxg5 hxg5 $19 (47... Kxe5 $2 48. gxh6 Kd6 49. Rc6+ Ke5 50. Rxb6 $19)) 44... g5 45. Kd3 Rb4 46. Re2 {[%emt 0:04:42] White wants to mate with e6.} Rxb5 47. e6 {[%emt 0:01:20] White mates.} Rd5+ 48. Kc4 Rc5+ {[%emt 0:04:22] [#]} 49. Kd4 $1 Rc8 50. e7 Re8 51. fxg5 hxg5 52. Kd5 Kg4 53. Ke6 Kh3 54. Kf7 Rh8 55. e8=Q Rxe8 {[%emt 0:00:08] Weighted Error Value: White=0.15 (very precise) /Black=0.49.  Loses game:     	---       	Black=2      Missed win:     	White=1     	---        Mistake:       	White=3     	Black=3      Inaccurate:     	White=2     	Black=6      OK:         	White=9     	Black=15     Best:        	White=8     	Black=5      Strong:       	White=1     	Black=1} 1-0

[Event "21st Bangkok CC Open 2024"]
[Site "Bangkok"]
[Date "2024.04.21"]
[Round "9.8"]
[White "Pham Tran Gia Phuc"]
[Black "Sengupta, Deep"]
[Result "1/2-1/2"]
[ECO "C02"]
[WhiteElo "2423"]
[BlackElo "2500"]
[Annotator "TA"]
[PlyCount "120"]
[EventDate "2024.04.13"]
[EventType "swiss"]
[EventCountry "THA"]
[SourceTitle "playchess.com"]
[Source "ChessBase"]
[SourceQuality "1"]
[TimeControl "40/5400+30:1800+30"]

1. e4 e6 2. d4 d5 3. e5 c5 4. c3 Nc6 5. Nf3 Bd7 6. a3 f6 7. Bd3 c4 {[%emt 0:00:08] C02: French: Advance Variation.} 8. Bc2 fxe5 9. Nxe5 Nxe5 10. dxe5 g6 11. Nd2 $146 ({Predecessor:} 11. Qg4 Ne7 12. O-O Bg7 13. f4 Qb6+ 14. Kh1 O-O 15. Nd2 Rf7 16. Nf3 Nc6 17. Ng5 {0-1 Martinez,C (1747)-Gomez Troccoli,M (1976) Montevideo Duchamp Cup 3rd 2019 (8)}) 11... Bg7 12. Nf3 Ne7 13. Bg5 Qc7 {[%emt 0:04:46] [#]} 14. Bxe7 (14. h4 $1 $16) 14... Kxe7 $11 15. Qd4 (15. O-O {simplifies} Raf8 16. Qe2 Kd8 17. Qe3) 15... Raf8 16. O-O (16. O-O-O {is more appropriate.}) 16... Rxf3 $1 $11 17. Qh4+ Kf7 18. gxf3 Bxe5 19. Rfe1 Bf6 20. Qg3 (20. Qh6 {with more complications.} Qd8 21. f4 Bg7 22. Qh3) 20... Qxg3+ (20... Qd8 {keeps more tension.} 21. f4 Rf8 22. Rad1 Be7) 21. hxg3 b5 22. f4 a5 23. Kf1 Rd8 24. Ke2 Bc6 25. Red1 Rd7 26. f3 Rb7 27. Kd2 Bg7 28. Re1 Rd7 29. Red1 (29. Rh1 $11) 29... Bb7 (29... d4 $17 30. cxd4 Bxf3 (30... Bxd4 $2 31. Be4 $19)) 30. Ke2 Re7 31. Kd2 Rd7 32. Ke2 Kg8 33. Rab1 Rc7 34. Kd2 Ba6 35. Re1 Kf7 36. Rh1 h6 37. Rhe1 (37. Rh4 $14) 37... Bc8 38. Rec1 Bd7 39. b3 {[%emt 0:00:37] [#]} (39. Rh1 $11) 39... b4 (39... cxb3 $1 $15 40. Rxb3 a4) 40. axb4 $11 axb4 41. cxb4 c3+ 42. Ke2 (42. Kd1 $14) 42... Rb7 43. Ra1 Rxb4 44. Ra7 Ke7 45. Bxg6 Rxb3 46. Rb1 Rb2+ 47. Rxb2 cxb2 48. Kd2 Bd4 49. Rb7 Kd6 50. Bd3 h5 51. Rb8 Bf2 52. g4 h4 53. Rxb2 h3 54. Bf1 (54. Rb8 $14) 54... h2 $11 55. Bg2 Bg3 56. Ke3 d4+ 57. Kxd4 Bxf4 58. Ke4 Bc1 (58... e5 $1 $14) 59. Rb1 Bc6+ 60. Kd3 Bf4 1/2-1/2

[Event "21st Bangkok CC Open 2024"]
[Site "Bangkok"]
[Date "2024.04.21"]
[Round "9.9"]
[White "Danilenko, Dmitriy"]
[Black "Quizon, Daniel"]
[Result "0-1"]
[ECO "B92"]
[WhiteElo "2400"]
[BlackElo "2441"]
[Annotator "TA"]
[PlyCount "122"]
[EventDate "2024.04.13"]
[EventType "swiss"]
[EventCountry "THA"]
[SourceTitle "playchess.com"]
[Source "ChessBase"]
[SourceQuality "1"]
[TimeControl "40/5400+30:1800+30"]

1. e4 c5 2. Nf3 d6 3. d4 cxd4 4. Nxd4 Nf6 5. Nc3 a6 6. Be2 e5 7. Nb3 Be6 8. Be3 Nbd7 9. f4 {[%emt 0:04:56] B92: Sicilian Najdorf: 6 Be2.} Rc8 10. f5 Bc4 11. Bxc4 Rxc4 12. Qf3 b5 13. a3 Qc7 14. Nd2 Rc6 15. g4 $146 ({Predecessor:} 15. O-O Be7 16. g4 h5 17. h3 hxg4 18. hxg4 d5 19. exd5 e4 20. Qg2 Rxc3 21. bxc3 Nxd5 {1-0 Tabak,S (2129)-Rios Escobar,A (2234) Titled Tuesday intern op 04th Jul Early blitz 2023 (10)}) 15... h6 16. h4 Rxc3 17. bxc3 Qxc3 18. Ke2 d5 19. exd5 e4 20. Qf4 Ne5 21. Nxe4 (21. g5 $2 Nh5 22. Qf2 hxg5 (22... Bxa3 23. Rhg1 $11) (22... Qxc2 $2 23. Rh3 $19) 23. Rag1 $19 (23. Nxe4 $2 $19)) (21. Ba7 $15) 21... Qc4+ $17 22. Kd1 Qxe4 (22... Qxd5+ 23. Kc1 $16) 23. Qxe4 Nxe4 24. Re1 $2 {[%emt 0:04:24] [#]} (24. Bd4 $17 Nf3 (24... Nxg4 $2 25. Re1 $18) 25. Rh3 Nxd4 26. Re3) 24... Nf3 $1 $19 (24... Nxg4 $2 25. Bd4 Kd7 26. Rxe4 $18) 25. Rf1 Nc3+ 26. Kc1 Nh2 27. Re1 Kd7 (27... Nxd5 28. Bg1+ (28. Bxh6+ $2 Kd7 $19) 28... Be7 29. Bxh2 $16) 28. Bd2 Nxd5 29. Re4 Nf6 30. Rd4+ Kc6 31. a4 Bc5 (31... Nfxg4 32. axb5+ axb5 (32... Kxb5 33. c4+ Kb6 34. Rd8 $11) 33. Ra6+ (33. Rd8 $2 Ba3+ 34. Rxa3 Rxd8 $19) 33... Kb7 34. Ra5 $15) 32. axb5+ axb5 ({Resist} 32... Kxb5 33. Ra5+ Kb6 34. Rc4 $19) 33. Rd3 Nhxg4 34. Ra6+ Kb7 35. Ra5 Kb6 36. Rb3 b4 37. Bxb4 Bxb4 38. Ra4 Kc5 39. Rbxb4 Ne5 40. Rb3 Nfd7 41. Ra5+ Kd6 42. Rg3 Rg8 43. Ra6+ Ke7 44. c3 (44. h5 $17 {is a better defense.}) 44... h5 $19 45. Kc2 Ng4 46. Ra7 Rc8 47. Rd3 Nge5 48. Rg3 (48. Rd4 {was worth a try.}) 48... Kf8 49. Ra5 Nc6 50. Ra4 Ne7 51. Rf3 (51. Rg5 {was called for.}) 51... Ne5 $19 52. Rf2 Nd5 53. Ra3 Ne3+ 54. Kb1 Nd3 55. Rh2 Nxf5 56. Kc2 Ne1+ 57. Kb3 Nf3 58. Rh1 N5xh4 59. Kb4 g5 60. c4 g4 61. c5 g3 0-1

[Event "21st Bangkok CC Open 2024"]
[Site "Bangkok"]
[Date "2024.04.21"]
[Round "9.10"]
[White "Samant Aditya S"]
[Black "Lye, Lik Zang"]
[Result "1/2-1/2"]
[ECO "B12"]
[WhiteElo "2512"]
[BlackElo "2286"]
[Annotator "TA"]
[PlyCount "111"]
[EventDate "2024.04.13"]
[EventType "swiss"]
[EventCountry "THA"]
[SourceTitle "playchess.com"]
[Source "ChessBase"]
[SourceQuality "1"]
[TimeControl "40/5400+30:1800+30"]

1. e4 c6 2. d4 d5 3. e5 Bf5 4. Nf3 e6 5. Be2 Nd7 6. O-O a5 {[%emt 0:00:18] B12: Caro-Kann: Advance Variation.} 7. a4 f6 8. Bd3 Bxd3 9. cxd3 $146 ({Predecessor:} 9. Qxd3 fxe5 10. dxe5 Nc5 11. Qd4 Qc7 12. Nc3 b6 13. Qf4 Nh6 14. Nd4 Nf7 15. Re1 {1-0 Agmanov,Z (2460)-Pultinevicius,P (2584) Sant Boi de Llobregat op 4th 2023 (9)}) 9... fxe5 10. dxe5 Bb4 11. Nc3 Qe7 12. Ne2 Nh6 13. Bxh6 gxh6 14. d4 Rg8 15. Ne1 O-O-O 16. Nd3 h5 17. Nxb4 Qxb4 18. Qd3 (18. Qe1 {simplifies} Qxe1 19. Rfxe1 Rdf8 20. Ra3) 18... Rdf8 19. Ra3 (19. Qxh7 Qd2 20. Rfe1 (20. Qxh5 $2 Rf5 $19) 20... Qg5 $11) 19... h4 20. Rfa1 (20. Qxh7 $14 Qxb2 21. Re3) 20... Qe7 $11 21. Qd2 (21. Rb3 $11) 21... Qf7 (21... Nb6 $15 22. Rc3 (22. Qxa5 Nc4 $17) 22... Nc4) 22. Rf1 (22. f4 $11) 22... Qg6 $15 23. g3 $1 {[%emt 0:00:07] [#]} (23. Qxa5 $2 Qxg2#) (23. Nf4 $2 Rxf4 $19) 23... hxg3 (23... Nb6 $1 $17 {[%cal Rb6c4] ...Nc4 is the strong threat.} 24. Rc3 (24. Qxa5 $2 Nc4 $19) 24... Qf5 (24... Nxa4 $2 25. Rb3 $18)) 24. hxg3 (24. Rxg3 $11 Qf5 25. Kh1) 24... Qg4 ({Black should try} 24... Nb6 $1 $15 25. Rc3 (25. Qxa5 $2 Nc4 $19) 25... h5 (25... Nxa4 $2 26. Rb3 $18) (25... Nc4 26. Qc2 $11)) 25. Kg2 ({White should play} 25. Rb3 $14 Rf7 26. Kg2) 25... Nb6 $11 26. f3 Nc4 27. fxg4 Nxd2 28. Rxf8+ Rxf8 29. Nf4 Kd7 30. Ra1 Nc4 (30... Nb3 $15 31. Rd1 (31. Rh1 Rf7 $15) 31... c5 32. dxc5 Nxc5) 31. b3 Ne3+ 32. Kf3 Nc2 33. Rd1 b5 34. Rd2 Na1 35. Rb2 (35. Rh2 $14 Nxb3 36. Rxh7+ Kc8 37. axb5 (37. Ke3 bxa4 38. g5 a3 $14) 37... Nxd4+ 38. Ke3 Nxb5 39. g5 (39. Nxe6 Re8 $11)) 35... h6 $1 $11 36. Ke3 Rb8 $1 37. axb5 (37. Rb1 $11 {keeps the balance.} Nc2+ 38. Kd3) 37... Rxb5 $17 38. Nd3 (38. b4 $17 {keeps fighting.}) 38... Nxb3 $19 39. Rh2 {[%emt 0:00:48] [#]} c5 (39... a4 $1 $17 {aiming for ...Ra5.} 40. Rxh6 a3 (40... c5 41. Nxc5+ Nxc5 42. dxc5 $15) 41. Rh7+ Kc8) 40. dxc5 $15 Nxc5 (40... a4 $15 {feels stronger.} 41. Rxh6 a3 (41... Nxc5 42. Nxc5+ Rxc5 43. g5 $11) 42. Rh7+ Kc6) 41. Nxc5+ $11 Rxc5 42. Rxh6 Rc4 43. Kf3 Re4 44. Rh7+ Ke8 45. Ra7 a4 (45... Rxe5 {simplifies} 46. Rxa5 Kf7 47. Ra4 Re1) 46. g5 Kf8 47. g6 Rxe5 48. g4 Rg5 49. Kf4 Rxg6 50. Ke5 Rxg4 51. Kxe6 Re4+ 52. Kxd5 Rb4 53. Kc5 Rh4 54. Kb5 Ke8 55. Rxa4 Rxa4 56. Kxa4 1/2-1/2